 Dungeon Crawl Stone Soup version 0.23.2-1-ga50397a (webtiles) character file.

Game seed: 17843156858908504997

48 sankara the Charlatan (level 3, -11/30 HPs)
             Began as a Ghoul Artificer on May 4, 2019.
             Killed themself with a badly aimed iceblast (20 damage)
             ... on level 2 of the Dungeon.
             The game lasted 00:04:16 (660 turns).

sankara the Charlatan (Ghoul Artificer)              Turns: 660, Time: 00:04:18

Health: -11/30     AC:  3    Str: 15    XL:     3   Next: 72%
Magic:  13/13      EV: 12    Int:  7    God:
Gold:   15         SH:  0    Dex:  9    Spells: 2/2 levels left

rFire    . . .     SeeInvis .   a - +0 short sword
rCold    + . .     Gourm    .   (no shield)
rNeg     + + +     Faith    .   n - +0 leather armour
rPois    ∞         Spirit   .   (no helmet)
rElec    .         Reflect  .   (no cloak)
rCorr    .         Harm     .   (no gloves)
MR       .....                  (no boots)
Stlth    +.........             (no amulet)
HPRegen  0.10/turn              h - ring of magical power {MP+9}
MPRegen  0.13/turn              (no ring)

@: rotting
A: rotting body, claws 1, carnivore, cold resistance 1, negative energy
resistance 3, inhibited regeneration, torment resistance, unbreathing
a: no special abilities


You were on level 2 of the Dungeon.
You were not hungry.

You visited 1 branch of the dungeon, and saw 2 of its levels.

You collected 15 gold pieces.

Inventory:

Hand Weapons
 a - a +0 short sword (weapon)
 b - a +0 hunting sling
   (You found it on level 1 of the Dungeon)
 l - a +0 dagger
   (You took it off a goblin on level 1 of the Dungeon)
Armour
 n - a +0 leather armour (worn)
Jewellery
 h - a ring of magical power (left claw) {MP+9}
   (You found it on level 1 of the Dungeon)
Wands
 c - a wand of flame (15)
 d - a wand of enslavement (15)
 e - a wand of random effects (14)
Scrolls
 g - a scroll of identify {unknown}
 j - 3 scrolls of remove curse {unknown}
 k - a scroll of fog {unknown}
Potions
 i - 3 potions of flight {unknown}
 p - a potion of lignification {unknown}
Comestibles
 f - 3 rations
 m - 4 chunks of flesh {@w0}


   Skills:
 * Level 2.5 Fighting
 - Level 0.8 Short Blades
 + Level 0.2 Throwing
 + Level 1.0 Armour
 + Level 2.1 Dodging
 + Level 2.0 Stealth
 - Level 2.6 Evocations


You had 2 spell levels left.
You didn't know any spells.
Your spell library was empty.

Dungeon Overview and Level Annotations

Branches:
Dungeon (2/15)

Altars:


Innate Abilities, Weirdness & Mutations

Your body is rotting away.
You thrive on raw meat.
You are immune to poison.
You have sharp fingernails.
You are carnivorous and can eat meat at any time.
Your flesh is cold resistant. (rC+)
You are immune to negative energy. (rN+++)
You do not regenerate when monsters are visible.
You are immune to unholy pain and torment.
You can survive without breathing.


Message History

No target in view!
No target in view!
No target in view!
No target in view!
No target in view!
You see here a dart slug corpse.
You butcher the dart slug corpse.
You feel your flesh rotting away.
m - 9 chunks of flesh {@w0} (gained 1)
There isn't anything here!
There isn't anything here!
You see here a dart slug corpse.
You butcher the dart slug corpse.
m - 10 chunks of flesh {@w0} (gained 1)
There isn't anything here!
b - a +0 hunting sling (weapon)
Eating one of 10 chunks of flesh {@w0}.
You eat one of the 10 chunks of flesh {@w0}.
You feel more resilient.
This raw flesh tastes great!
j - 3 scrolls labeled BILOLAPORUFO (gained 1) Some of the chunks of flesh in your inventory have rotted away.
f - 3 rations (gained 1)
You see here a cursed -2 whip.
Done exploring.
Done exploring.
(D) Dungeon
Where to? (? - help) Some of the chunks of flesh in your inventory have rotted away.
There is a stone staircase leading down here.
You climb downwards.
There is a stone staircase leading up here.
Found a stone staircase leading down.
There is a stone staircase leading up here.
A dart slug comes into view.
Firing (i - inventory)
o - 2 stones (quivered)
Press: ? - help, Shift-Dir - straight line, f - dart slug
Aim: a dart slug (clinging, resting)
You shoot a stone. The stone hits the dart slug.
The dart slug is moderately wounded.
The dart slug launches a dart at you. The slug dart misses you.
Firing (i - inventory)
o - a stone (quivered)
Press: ? - help, Shift-Dir - straight line, f/p - dart slug
Aim: a dart slug (moderately wounded, clinging)
You shoot a stone. The stone hits the dart slug.
The dart slug is severely wounded.
Firing (i - inventory) No suitable missiles.
Press: ? - help, Shift-Dir - straight line, f/p - dart slug
Aim: a dart slug (severely wounded, clinging)
Okay, then.
Firing (i - inventory) No suitable missiles.
Press: ? - help, Shift-Dir - straight line, f/p - dart slug
Aim: a dart slug (severely wounded, clinging)
Okay, then.
a - a +0 short sword (weapon)
The dart slug launches a dart at you. The slug dart hits you.
An adder and a quokka come into view.
The dart slug launches a dart at you. The slug dart misses you.
The adder hisses angrily.
The dart slug launches a dart at you. The slug dart hits you.
You hit the dart slug.
The dart slug is severely wounded.
The adder barely misses you. The adder bites you.
You hit the dart slug.
The dart slug is almost dead.
The adder closely misses you. The dart slug launches a dart at you.
The slug dart hits you!
You are too injured to fight recklessly!
You are too injured to fight recklessly!
The adder bites you.
You closely miss the adder. The adder completely misses you.
You closely miss the adder. The adder bites you.
The adder bites you but does no damage.
You barely miss the adder. The adder barely misses you.
You hit the adder.
The adder is moderately wounded.
The adder barely misses you.
You closely miss the adder.
The adder is lightly wounded.
The adder closely misses you. The adder bites you.
You hit the adder but do no damage.
The adder is lightly wounded.
The adder bites you.
* * * LOW HITPOINT WARNING * * *
Evoke which item? (* to show all) (? for menu, Esc to quit)
Aiming: Random Effects
Press: ? - help, Shift-Dir - straight line, f - adder, p - dart slug
Aim: an adder (lightly wounded)
The mass of ice explodes!
The iceblast engulfs the adder!!
You kill the adder!
Your Armour skill increases to level 1!
The iceblast engulfs the dart slug!!
You kill the dart slug!
The iceblast engulfs you!! You partially resist.
Ouch! That really hurt!
You die...

### .. .. ... ...#
#. .# #.# ...r...
..... ...#.#. .#.#
...(. ... ...#.#.#.#
.......†# ...####†#
### #@# #.. #.# #..
#.# #..######.# #
#.........#
##..#.....##########
...........<.......>
##.###.#.#.#.######
#.#.#.#.#


There were no monsters in sight!

Vanquished Creatures
  A gnoll (D:1)
  An adder (D:2)
  5 dart slugs
  A ball python (D:1)
  2 bats (D:1)
  3 goblins (D:1)
  A hobgoblin (D:1)
  3 frilled lizards (D:1)
  3 kobolds (D:1)
  3 rats (D:1)
23 creatures vanquished.

Notes
Turn   | Place    | Note
-------+----------+-------------------------------------------
     0 | D:1      | sankara the Ghoul Artificer began the quest for the Orb.
     0 | D:1      | Reached XP level 1. HP: 16/16 MP: 1/1
   148 | D:1      | Reached skill level 2 in Dodging
   148 | D:1      | Reached XP level 2. HP: 11/23 MP: 3/3
   204 | D:1      | Reached skill level 2 in Fighting
   383 | D:1      | Reached XP level 3. HP: 29/29 MP: 4/4
   514 | D:1      | Reached skill level 2 in Stealth
   660 | D:2      | Reached skill level 1 in Armour
   660 | D:2      | Killed themself with a badly aimed iceblast

Skill      XL: |  1  2  3 |
---------------+----------+-----
Dodging        | 2 |  2.1
Fighting       | 2 |  2.5
Stealth        | 2 |  2.0
Armour         | 1 |  1.0
Short Blades   | |  0.8
Throwing       | |  0.2
Evocations     | |  2.6

Action                   || total
-------------------------++-------
Melee: Short sword       ||    83
 Fire: Hunting sling     ||    12
Evoke: Wand              ||     1
 Stab: Confused          ||     2
  Eat: Chunk             ||    10
Armor: Leather armour    ||    21
Dodge: Dodged            ||    60

Levels and vault maps discovered:
D:1:      minmay_arrival_open_corners, layout_rooms
D:2:      layout_basic, gammafunk_temple_overflow_pools,
          hangedman_decor_clover_reticule, st_stairs_12

Table legend:
 A = Turns spent in this place as a percentage of turns spent in the entire game.
 B = Non-inter-level travel turns spent in this place as a percentage of non-inter-level travel turns spent in the entire game.
 C = Inter-level travel turns spent in this place as a percentage of turns spent in this place.
 D = Turns resting spent in this place as a percentage of non-inter-level travel turns spent in this place.
 E = Turns spent auto-exploring this place as a percentage of non-inter-level travel turns spent in this place.
 F = Non-inter-level travel turns spent in this place divided by the number of levels of this place that you've seen.
                   A       B       C       D       E      F
               +-------+-------+-------+-------+-------+----------------------
         Total | 100.0 | 100.0 |   3.2 |   7.7 |  53.5 | 319.5
       Dungeon | 100.0 | 100.0 |   3.2 |   7.7 |  53.5 | 319.5
               +-------+-------+-------+-------+-------+----------------------

Table legend:
 A = Kills in this place as a percentage of kills in entire the game.
 B = Kills by you in this place as a percentage of kills by you in the entire game.
 C = Kills by friends in this place as a percentage of kills by friends in the entire game.
 D = Other kills in this place as a percentage of other kills in the entire game.
 E = Experience gained in this place as a percentage of experience gained in the entire game.
 F = Experience gained in this place divided by the number of levels of this place that you have seen.
                   A       B       C       D       E      F
               +-------+-------+-------+-------+-------+----------------------
         Total | 100.0 | 100.0 |   N/A |   N/A | 100.0 |  34.5
       Dungeon | 100.0 | 100.0 |   N/A |   N/A | 100.0 |  34.5
               +-------+-------+-------+-------+-------+----------------------
